AoeStats
← seskevin2

QS Arena

503602524Analyzed
4v4 RM · 1mo ago on Sep 1, 2026· 93m 25s· 8 players
Game mode
Random Map
Map size
Large (8 player)
Population
200
Speed
Normal
Resources
Standard
Victory
Conquest
Starting age
Dark Age
Ending age
Imperial Age
RankedLock teamsTeams togetherTeam positionsShared explorationLock speedFull tech treeHidden civsTurbo modeCheats
Victory
Defeat
🇮🇳 Portuguese · India
526
+26
🇨🇳 Chinese · China
378
+29
🇹🇷 Khmer · Türkiye
326
+30
🇩🇪 Spanish · Germany
309
+30
🇨🇳 Italians · China
825
-30
🇫🇷 Cumans · France
822
-30
🇨🇳 Persians · China
757
-29
🇨🇳 Portuguese · China
667
-27
Lex Occultus
3:31 Loom
8:08 Feudal Age
8:48 Double-Bit Axe
10:48 Horse Collar
19:31 Castle Age
19:04 Wheelbarrow
21:16 Bow Saw
21:19 Fletching
21:41 Forging
20:55 Crossbowman
21:06 Pikeman
24:10 Hand Cart
29:37 Bodkin Arrow
30:18 Iron Casting
29:53 Thumb Ring
34:17 Imperial Age
32:58 Padded Archer Armor
33:45 Caravan
35:06 Town Watch
35:41 Arquebus
37:09 Onager
37:21 Arbalester
40:48 Bracer
41:04 Leather Archer Armor
44:42 Halberdier
48:50 Murder Holes
49:01 Siege Engineers
49:07 Masonry
49:19 Ballistics
49:59 Chemistry
55:00 Elite Organ Gun
66:50 Blast Furnace
81:35 Conscription
83:05 Two-Man Saw
86:16 Town Patrol
Elite Savage
seskevin2
12:05 Feudal Age
12:39 Horse Collar
14:21 Wheelbarrow
23:26 Gold Mining
23:27 Stone Mining
23:29 Double-Bit Axe
27:12 Castle Age
28:51 Heavy Plow
31:19 Hand Cart
33:49 Stone Shaft Mining
52:38 Imperial Age
61:14 Man-at-Arms
61:41 Gambesons
61:42 Arson
61:58 Squires
68:19 Imperial Age
67:16 Fletching
67:27 Padded Archer Armor
72:31 Elite Skirmisher
73:18 Thumb Ring
73:16 Bodkin Arrow
73:37 Leather Archer Armor
74:20 Caravan
74:51 Coinage
77:24 Imperial Age
75:38 Bow Saw
80:05 Ring Archer Armor
79:36 Bracer
84:36 Chemistry
83:58 Ballistics
83:56 Siphons
84:13 Arrowslits
88:47 Bombard Tower
李靖
7:35 Feudal Age
9:07 Loom
12:17 Castle Age
10:40 Double-Bit Axe
10:57 Horse Collar
13:43 Heavy Plow
13:59 Bow Saw
21:49 Gold Mining
21:52 Stone Mining
24:50 Gold Shaft Mining
24:51 Stone Shaft Mining
24:51 Gold Shaft Mining
24:51 Stone Shaft Mining
25:01 Stone Shaft Mining
27:48 Imperial Age
27:08 Wheelbarrow
26:22 Town Watch
26:57 Husbandry
27:08 Bloodlines
28:08 Forging
28:04 Scale Barding Armor
28:18 Hand Cart
29:16 Iron Casting
28:27 Capped Ram
29:45 Town Patrol
30:09 Tusk Swords
30:45 Conscription
31:40 Chain Barding Armor
32:21 Blast Furnace
32:49 Crop Rotation
32:04 Elite Battle Elephant
33:32 Plate Barding Armor
33:44 Fletching
35:54 Bodkin Arrow
36:01 Padded Archer Armor
36:02 Scale Mail Armor
37:16 Bracer
39:58 Leather Archer Armor
39:59 Chain Mail Armor
50:13 Ring Archer Armor
59:01 Elite Ballista Elephant
62:43 Light Cavalry
63:12 Hussar
64:22 Siege Ram
72:44 Double Crossbow
73:20 Hoardings
73:56 Siege Engineers
74:01 Masonry
74:53 Chemistry
74:13 Ballistics
73:49 Murder Holes
74:05 Fortified Wall
73:45 Guard Tower
74:02 Siphons
76:41 Architecture
80:54 Cavalier
80:56 Heavy Scorpion
80:57 Onager
82:16 Keep
81:32 Heated Shot
81:53 Careening
81:54 Clinker Construction
81:43 Spies/Treason
86:26 Sappers
Sunfyre
0:50 Loom
9:16 Feudal Age
9:45 Double-Bit Axe
9:49 Horse Collar
12:05 Gold Mining
15:23 Wheelbarrow
18:47 Castle Age
17:48 Stone Mining
19:44 Heavy Plow
19:58 Bow Saw
21:49 Hand Cart
27:10 Imperial Age
27:29 Ballistics
26:50 Treadmill Crane
27:20 Masonry
27:06 Murder Holes
27:22 Fortified Wall
28:05 Coinage
29:21 Chemistry
29:09 Stone Shaft Mining
30:30 Banking
30:11 Guilds
32:32 Bombard Tower
32:44 Architecture
33:54 Siege Engineers
The Rock 49
0:51 Loom
9:59 Feudal Age
15:19 Castle Age
19:00 Horse Collar
23:19 Heavy Plow
23:16 Double-Bit Axe
24:51 Bow Saw
24:42 Gold Mining
24:43 Stone Mining
26:50 Bloodlines
26:48 Steppe Husbandry
29:49 Imperial Age
27:06 Town Watch
29:05 Wheelbarrow
28:31 Town Patrol
30:48 Forging
30:28 Fletching
43:47 Pikeman
44:28 Squires
44:14 Arson
44:55 Halberdier
48:03 Iron Casting
50:05 Blast Furnace
53:53 Scale Mail Armor
59:13 Hand Cart
72:55 Capped Ram
81:40 Siege Ram
小菜机
8:58 Feudal Age
15:35 Castle Age
15:08 Double-Bit Axe
23:42 Bow Saw
25:50 Gold Mining
30:34 Imperial Age
28:42 Wheelbarrow
31:12 Forging
31:08 Scale Barding Armor
31:49 Stone Mining
32:16 Elite War Elephant
34:38 Citadels
37:18 Squires
37:27 Scale Mail Armor
38:03 Iron Casting
37:32 Pikeman
38:35 Halberdier
63:51 Chain Barding Armor
64:32 Blast Furnace
64:55 Hand Cart
64:24 Horse Collar
65:09 Bloodlines
64:40 Light Cavalry
66:41 Two-Man Saw
65:29 Hussar
68:42 Plate Barding Armor
JiFa
9:20 Feudal Age
8:17 Loom
9:46 Double-Bit Axe
9:45 Horse Collar
17:32 Castle Age
16:32 Forging
16:22 Scale Mail Armor
16:22 Padded Archer Armor
16:50 Gold Mining
16:51 Stone Mining
19:21 Bow Saw
22:16 Wheelbarrow
23:12 Squires
22:58 Arson
29:38 Imperial Age
27:46 Heavy Plow
28:27 Stone Shaft Mining
30:40 Pirotechnia
32:06 Chemistry
32:26 Iron Casting
32:06 Chain Mail Armor
32:10 Leather Archer Armor
61:56 Capped Ram
65:45 Pikeman
Connection lost

Rejoining the realm…

Still unreachable

The connection could not be restored.

Session expired

The server has moved on; the page needs a fresh start.